Map: Frozen Temple

Players

Rabid - Winner!

  • Race: Terran Terran

A.I. 1 (Harder)

  • Race: Protoss Protoss

VOD

Have the link to the VOD?

Description

Time

  • Played on: July 13, 2016, 12:09 a.m.
  • Length: 11:09
Show
View Real Time Build Order
Export as new Build Order

Rabid Terran - Winner!

Build Orders: Bio Tank 

Get SALT Encoding   

  12  0:00  SCV  
  13  0:13  SCV  
  14  0:18  Supply Depot  
  14  0:25  SCV  
  15  0:40  SCV  
  15  0:41  Barracks  
  16  0:45  Refinery  
  16  0:52  SCV  
  17  1:04  SCV  
  18  1:16  SCV  
  19  1:21  Supply Depot  
  19  1:28  SCV  
  20  1:33  Marine  
  21  1:42  Orbital Command  
  21  1:58  Command Center  
  21  2:03  Marine  
  22  2:08  SCV, Refinery  
  23  2:25  Factory  
  23  2:28  SCV  
  23  2:37  Barracks Tech Lab  
  23  2:40  SCV  
  24  2:53  SCV  
  25  3:05  SCV  
  26  3:12  Starport  
  26  3:13  SCV  
  26  3:16  Refinery  
  26  3:17  SCV  
  26  3:18  Barracks Tech Lab  
  28  3:23  Siege Tank  
  31  3:29  SCV  
  31  3:33  Orbital Command  
  32  3:38  Marauder  
  32  3:41  SCV  
  35  3:45  Supply Depot  
  35  3:51  Medivac  
  35  3:53  SCV  
  35  3:55  Factory  
  38  4:04  Siege Tank  
  38  4:05  Marine  
  38  4:09  SCV x2  
  44  4:26  Marauder  
  46  4:32  Medivac  
  46  4:33  SCV  
  46  4:37  Supply Depot  
  49  4:43  Refinery  
  52  4:45  SCV  
  52  4:46  Factory Tech Lab  
  50  4:57  Siege Tank  
  53  5:00  Marine  
  53  5:05  Siege Tank  
  57  5:07  SCV  
  57  5:09  SCV  
  59  5:16  Supply Depot  
  59  5:19  SCV, Marine  
  59  5:21  SCV  
  62  5:24  Stimpack  
  62  5:34  Barracks  
  62  5:35  Barracks  
  62  5:37  Medivac  
  62  5:38  SCV x2  
  66  5:50  SCV x2  
  66  5:52  Supply Depot  
  66  5:55  Supply Depot  
  68  6:02  Marauder  
  70  6:13  Siege Tank  
  70  6:14  SCV, Siege Tank  
  66  6:23  Marauder  
  66  6:24  Barracks Tech Lab x2  
  63  6:26  SCV  
  62  6:34  SCV  
  62  6:38  SCV  
  64  6:43  Supply Depot  
  64  6:45  Concussive Shells  
  64  6:46  Combat Shields, Siege Tank x2  
  70  6:47  Supply Depot  
  70  6:48  Marauder  
  70  6:49  Marauder x2, Command Center  
  70  6:53  Starport Reactor  
  76  7:00  SCV  
  77  7:01  Engineering Bay  
  77  7:04  Supply Depot  
  77  7:09  SCV  
  77  7:12  SCV  
  79  7:18  Siege Tank  
  79  7:19  Marauder x3  
  79  7:21  Siege Tank  
  79  7:22  Supply Depot  
  91  7:26  SCV  
  91  7:29  Terran Infantry Weapons Level 1  
  92  7:43  Marauder x2  
  96  7:46  Marauder  
  96  7:50  Siege Tank  
  95  7:53  Siege Tank  
  88  8:04  Marauder x2  
  86  8:07  Marauder  
  79  8:25  Siege Tank x2  
  79  8:26  Marauder x2  
  89  8:31  SCV  
  89  8:34  Orbital Command  
  92  8:37  Refinery  
  90  8:48  Marine  
  90  8:49  Marauder  
  90  8:50  Marauder  
  93  8:57  Siege Tank  
  96  9:04  Siege Tank  
  96  9:05  SCV  
  96  9:07  Supply Depot, Marauder  
  102  9:11  Marauder x2  
  102  9:12  Barracks  
  102  9:16  Barracks  
  99  9:35  Marine x3  
  99  9:36  Siege Tank x2  
  99  9:37  Medivac x2  
  110  9:52  Supply Depot  
  106  9:53  Marine x3  
  101  10:01  Supply Depot  
  101  10:04  Supply Depot, Barracks Reactor  
  101  10:05  Barracks Reactor  
  101  10:07  Medivac  
  99  10:25  Marine x3  
  99  10:27  Medivac, Siege Tank x2  
  105  10:37  SCV  
  105  10:43  Marine x4, Refinery  
  105  10:46  Marauder x3  
  105  10:49  SCV  
Show
View Real Time Build Order
Export as new Build Order

A.I. 1 (Harder) Protoss 

Build Orders:  

Get SALT Encoding   

  12  0:01  Probe (Chrono Boost)  
  13  0:11  Probe (Chrono Boost)  
  14  0:21  Pylon  
  14  0:22  Probe (Chrono Boost)  
  15  0:39  Probe (Chrono Boost)  
  16  0:48  Assimilator  
  17  0:50  Probe (Chrono Boost)  
  17  0:51  Gateway  
  17  1:00  Probe (Chrono Boost)  
  17  1:01  Pylon  
  18  1:11  Probe (Chrono Boost)  
  19  1:23  Probe (Chrono Boost)  
  20  1:37  Zealot  
  20  1:41  Cybernetics Core  
  20  1:44  Gateway  
  20  1:46  Assimilator  
  22  2:00  Pylon  
  22  2:15  Adept  
  22  2:20  Warp Gate  
  24  2:29  Stalker  
  26  2:40  Pylon  
  26  2:41  Zealot  
  28  2:58  Adept  
  30  3:06  Stalker  
  32  3:18  Pylon  
  32  3:24  Adept  
  34  3:35  Stalker  
  34  3:41  Probe (Chrono Boost)  
  37  3:50  Stalker  
  37  3:53  Probe (Chrono Boost)  
  40  4:00  Pylon  
  40  4:04  Adept, Probe (Chrono Boost)  
  43  4:12  Forge  
  43  4:16  Probe (Chrono Boost)  
  44  4:27  Probe (Chrono Boost)  
  44  4:28  Adept  
  48  4:39  Probe (Chrono Boost)  
  48  4:40  Adept  
  50  4:50  Zealot  
  52  5:55  Protoss Ground Weapons Level 1  
  52  6:00  Sentry  
  52  6:02  Gateway  
  54  6:04  Pylon  
  54  6:06  Photon Cannon  
  54  6:08  Photon Cannon, Nexus  
  54  6:09  Stalker  
  54  6:11  Robotics Facility  
  48  6:22  Zealot  
  42  6:31  Stalker  
  43  6:37  Twilight Council  
  43  6:41  Stalker  
  45  6:53  Zealot  
  47  7:02  Stalker  
  47  7:07  Observer  
  50  7:09  Blink  
  50  7:10  Sentry  
  52  7:19  Adept  
  52  7:22  Probe (Chrono Boost), Stargate  
  55  7:26  Observer  
  55  7:28  Zealot, Probe (Chrono Boost)  
  59  7:34  Probe (Chrono Boost)  
  59  7:36  Stalker  
  62  7:40  Probe (Chrono Boost)  
  62  7:43  Protoss Ground Armor Level 1  
  63  7:46  Probe (Chrono Boost)  
  58  7:52  Pylon, Probe (Chrono Boost)  
  58  7:54  Sentry  
  58  7:57  Probe (Chrono Boost)  
  51  8:03  Adept  
  51  8:04  Probe (Chrono Boost)  
  42  8:12  Stalker  
  42  8:20  Stalker  
  45  8:27  Probe (Chrono Boost)  
  45  8:29  Stalker  
  45  8:30  Probe (Chrono Boost)  
  48  8:37  Stalker  
  48  8:38  Probe (Chrono Boost)  
  52  8:42  Probe (Chrono Boost)  
  52  8:46  Zealot  
  46  8:49  Probe (Chrono Boost)  
  46  8:54  Zealot  
  49  8:58  Probe (Chrono Boost)  
  49  9:01  Probe (Chrono Boost)  
  49  9:03  Sentry  
  49  9:06  Assimilator  
  53  9:11  Mothership Core (Chrono Boost)  
  53  9:12  Stalker  
  55  9:19  Assimilator  
  55  9:20  Adept  
  51  9:29  Zealot  
  45  9:37  Zealot  
  36  9:46  Stalker  
  36  9:49  Probe (Chrono Boost)  
  36  9:52  Probe (Chrono Boost)  
  28  9:55  Stalker  
  24  10:01  Probe (Chrono Boost)  
  24  10:03  Stalker  
  23  10:08  Probe (Chrono Boost)  
  23  10:12  Stalker  
  23  10:14  Probe (Chrono Boost)  
  23  10:20  Zealot  
  23  10:26  Probe (Chrono Boost)  
  9  10:36  Probe (Chrono Boost)  
  10  10:47  Probe (Chrono Boost)  
Tags
 
Composition
Bio Tank
Matchup
PvT
Replay Pack
Ruins of Endion
Add a new tag
Caveats
  • Supply blocks, unpowered buildings, or Contaminate may cause inaccurate times.
  • Supply counts are checked every 10 seconds.